 Dungeon Crawl Stone Soup version 0.29-a0-297-g7659ce593d (webtiles) character file.

Game seed: 17660365116514344168

162 Astera the Chiller (level 5, -1/37 HPs)
             Began as a Barachi Ice Elementalist on Mar 20, 2022.
             Slain by a gnoll
             ... wielding a +0 spear
              (6 damage)
             ... on level 4 of the Dungeon.
             The game lasted 00:25:52 (4628 turns).

Astera the Chiller (Barachi Ice Elementalist)       Turns: 4628, Time: 00:25:53

Health: -1/37      AC:  3    Str:  9    XL:     5   Next: 43%
Magic:  8/9        EV: 12    Int: 18    God:
Gold:   105        SH:  0    Dex: 12    Spells: 5/9 levels left

rFire   . . .      SeeInvis .   d - +0 trident
rCold   . . .      Faith    .   (no shield)
rNeg    . . .      Spirit   .   n - +0 leather armour
rPois   .          Reflect  .   (no helmet)
rElec   .          Harm     .   (no cloak)
rCorr   .          Rampage  .   (no gloves)
Will    .....                   (no boots)
Stlth   ++........              (no amulet)
HPRegen 0.12/turn               (no ring)
MPRegen 0.11/turn               (no ring)

@: unable to hop, slow
A: amphibious, slowness 1, strong legs 1, +LOS
a: Hop


You were on level 4 of the Dungeon.
You visited 1 branch of the dungeon, and saw 4 of its levels.

You collected 105 gold pieces.

Inventory:

Hand Weapons
 d - a +0 trident (weapon)
 r - a +0 morningstar
Missiles
 i - 3 curare-tipped darts
 j - 85 stones
 o - a throwing net
 s - 4 poisoned darts
 t - 3 boomerangs
Armour
 a - a +0 robe
 l - a +0 chain mail
 n - a +0 leather armour (worn)
 q - a +0 cloak
Scrolls
 e - a scroll of identify
 g - a scroll of fear {unknown}
 h - a scroll of vulnerability {unknown}
 m - 3 scrolls of silence
 p - a scroll of torment {unknown}
Potions
 b - a potion of magic
 c - a potion of brilliance


   Skills:
 + Level 1.0 Fighting
 - Level 1.9 Long Blades
 * Level 2.3 Armour
 + Level 3.0 Dodging
 + Level 2.5 Stealth
 + Level 2.8 Spellcasting
 + Level 5.4 Ice Magic
 + Level 0.9 Evocations


You had 5 spell levels left.
You knew the following spells:

 Your Spells              Type           Power      Damage    Failure   Level
a - Freeze                Ice            88%        1d10      2%          1
b - Frozen Ramparts       Ice            44%        1d6       8%          3

Your spell library contained the following spells:

 Spells                   Type           Power      Damage    Failure   Level
 Ozocubu's Armour         Ice            22%        N/A       8%          3
 Stone Arrow              Conj/Erth      4%         3d7       56%         3
 Hailstorm                Conj/Ice       12%        3d5       58%         4
 Animate Armour           Summ/Erth      4%         N/A       92%         4
 Lehudib's Crystal Spear  Conj/Erth      1%         10d2      100%        8


Dungeon Overview and Level Annotations

Branches:
Dungeon (4/15)             Temple (0/1) D:4

Altars:


Innate Abilities, Weirdness & Mutations

You are amphibious.
You cover ground slowly.
You can hop short distances.
You have an extended range of vision and can be seen from far away.


Message History

The gnoll is severely wounded.
The gnoll hits you from afar with a +0 halberd!
You reach to attack!
You closely miss the gnoll.
The gnoll is severely wounded.
The gnoll closely misses you.
The gnoll hits you from afar with a +0 spear.
The gnoll hits you with a +0 halberd.
Things that are here:
a +0 whip; a gnoll corpse You are too injured to fight recklessly!
The gnoll barely misses you. The gnoll closely misses you.
You are too injured to fight recklessly!
You are too injured to fight recklessly!
Reach: d) +0 trident
Press: ? - help, Dir - move target, f/p - gnoll
Aim: a gnoll, wielding a +0 halberd (severely wounded, about 42% to evade your +0 trident)
You reach to attack!
You barely miss the gnoll.
The gnoll is severely wounded.
The gnoll hits you from afar with a +0 halberd!
* * * LOW HITPOINT WARNING * * *
Aiming: Freeze (safe; 2% risk of failure)
Press: ? - help, Q - select action, (/) - cycle Shift-Dir - straight line, p - gnoll Out of range.
Okay, then.
Unknown command.
Hop to where?
Press: ? - help, Dir - move target, p - gnoll Boing!
Okay, then.
The gnoll closely misses you.
You are too injured to fight recklessly!
Casting: Freeze (safe; 2% risk of failure)
Confirm with . or Enter, or press ? or * to list all spells.
Aiming: Freeze (safe; 2% risk of failure)
Press: ? - help, Shift-Dir - straight line, f - gnoll
Aim: a gnoll, wielding a +0 halberd (severely wounded)
You freeze the gnoll!
You kill the gnoll!
The gnoll hits you from afar with a +0 spear.
You die...

#.# #.# #.# #.##
#..# # ##.#
#.#### #.#
#....# #.#
#...<# #@#
#....# #)#
#....... #g#
#........ #.#
#......... #g#
####...#### #.#
..S.. .. #.#
##.).####.####)#
.J#.......g...#


You could see 2 gnolls.

Vanquished Creatures
  A hound (D:4)
  An iguana (D:4)
  2 gnolls (D:4)
  2 adders
  A worm (D:2)
  3 dart slugs
  2 orcs (D:3)
  3 bats
  8 endoplasms
  11 giant cockroaches (D:3)
  2 goblins
  7 hobgoblins
  4 quokkas
  3 ball pythons
  5 frilled lizards
  5 kobolds
  3 rats
63 creatures vanquished.

Notes
Turn   | Place    | Note
-------+----------+-------------------------------------------
     0 | D:1      | Astera the Barachi Ice Elementalist began the quest for the
                  | Orb.
     0 | D:1      | Reached XP level 1. HP: 13/13 MP: 3/3
   610 | D:2      | Reached XP level 2. HP: 19/19 MP: 3/5
   853 | D:1      | Reached skill level 5 in Ice Magic
  1646 | D:2      | Reached skill level 1 in Long Blades
  1651 | D:2      | Found a faded altar of an unknown god.
  1882 | D:2      | Reached XP level 3. HP: 19/24 MP: 4/6
  2155 | D:2      | Reached skill level 1 in Armour
  2531 | D:2      | Learned a level 3 spell: Frozen Ramparts
  2887 | D:3      | Reached XP level 4. HP: 30/30 MP: 3/7
  3571 | D:4      | Noticed a scorpion
  3999 | D:4      | Noticed a phantom
  4027 | D:4      | HP: 1/30 [phantom (5)]
  4378 | D:4      | Noticed a scorpion
  4457 | D:4      | Reached XP level 5. HP: 32/36 MP: 5/9
  4459 | D:4      | Reached skill level 1 in Fighting
  4594 | D:4      | Found a staircase to the Ecumenical Temple.
  4628 | D:4      | Slain by a gnoll

Illustrated notes

Levels and vault maps discovered:
D:1:      minmay_arrival_glassed_features, layout_basic,
          kennysheep_pointless_box, st_stairs_4
D:2:      layout_basic, shapermc_ecumenical_altar_ellora,
          kennysheep_nondescript, minivault_5
D:3:      minmay_roachtagon, layout_basic
D:4:      layout_loops_ring, temple_fountains, minmay_increasing_density

Skill      XL: |  1  2  3  4  5 |
---------------+----------------+-----
Stealth        | 2 |  2.5
Ice Magic      | 5 |  5.4
Long Blades    | 1 |  1.9
Armour         | 1 2 |  2.3
Fighting       | 1 |  1.0
Dodging        | 3 |  3.0
Spellcasting   | |  2.8
Evocations     | |  0.9

Action                   |  1- 3 |  4- 6 || total
-------------------------+-------+-------++-------
Melee: Trident           |    80 |    40 ||   120
Throw: Stone             |       |     3 ||     3
 Cast: Freeze            |    34 |    31 ||    65
       Frozen Ramparts   |       |     2 ||     2
 Abil: Hop               |       |     1 ||     1
  Use: Potion            |     2 |     1 ||     3
       Scroll            |       |     2 ||     2
 Stab: Sleeping          |     7 |     1 ||     8
Armor: Robe              |     9 |       ||     9
       Leather armour    |     2 |    10 ||    12
Dodge: Dodged            |    57 |    68 ||   125

Table legend: (Time is in decaauts)
 A = Elapsed time spent in this place.
 B = Non-inter-level travel time spent in this place.
 C = Inter-level travel time spent in this place.
 D = Time resting spent in this place.
 E = Time spent auto-exploring this place.
 F = Levels seen in this place.
 G = Mean time per level.
                   A        B        C        D        E       F      G
               +--------+--------+--------+--------+--------+-----+--------+
         Total |   5186 |   5046 |    140 |   1709 |    493 |   4 | 1296.5 |
       Dungeon |   5186 |   5046 |    140 |   1709 |    493 |   4 | 1296.5 |
               +--------+--------+--------+--------+--------+-----+--------+

Top non-repeatable levels by time:
     D:1: 1790 daAuts
     D:3: 1418 daAuts
     D:2: 1136 daAuts
     D:4: 841 daAuts
